 Dungeon Crawl Stone Soup version 0.22-a0-402-ga933591 (webtiles) character file.

12770 emperorscorpion the Blocker (level 11, -1/99 HPs)
             Began as a Minotaur Fighter on May 6, 2018.
             Was a Priest of Cheibriados.
             Slain by an orc warrior
             ... wielding a +0 vampiric scimitar
              (15 damage)
             ... on level 11 of the Dungeon on May 7, 2018.
             The game lasted 00:21:31 (10952 turns).

emperorscorpion the Blocker (Minotaur Fighter)     Turns: 10952, Time: 00:21:32

Health: -1/99      AC: 16    Str: 33    XL:     11   Next: 66%
Magic:  10/10      EV: 11    Int: 15    God:    Cheibriados [***...]
Gold:   836        SH: 18    Dex: 17    Spells: 10/10 levels left

rFire    + . .     SeeInvis +   a - +0 long sword
rCold    . . .     Gourm    .   c - +1 shield
rNeg     . . .     Faith    .   E - +0 chain mail
rPois    +         Spirit   .   (helmet restricted)
rElec    .         Reflect  +   V - +0 cloak
rCorr    .         Harm     .   D - +0 pair of gloves "Efisafita" {SInv}
MR       .....     Rnd*Rage +   (no boots)
Stlth    ..........             i - +3 amulet of reflection
HPRegen  0.26/turn              n - ring of poison resistance
MPRegen  0.12/turn              R - ring of protection from fire

@: very slow
A: retaliatory headbutt, horns 2, icy blue scales 1, berserk 1, clever 1
a: Bend Time, Temporal Distortion, Renounce Religion


You were on level 11 of the Dungeon.
You worshipped Cheibriados.
Cheibriados was most pleased with you.
You were not hungry.

You visited 2 branches of the dungeon, and saw 13 of its levels.

You collected 836 gold pieces.

Inventory:

Hand Weapons
 a - a +0 long sword (weapon)
 b - a +1 hand crossbow
 v - a +0 short sword of electrocution
 M - a +3 blowgun
Missiles
 g - 82 bolts
 l - 54 poisoned needles
 J - 8 curare-tipped needles
 K - 14 tomahawks (quivered)
 P - 4 tomahawks of dispersal
 X - 4 poisoned tomahawks
 Z - 2 javelins
Armour
 c - a +1 shield (worn)
 D - the +0 pair of gloves "Efisafita" (worn) {SInv}
   (You found it on level 5 of the Dungeon)

   It lets you see invisible.
 E - a +0 chain mail (worn)
 N - a +0 scale mail
 O - a cursed +0 leather armour
 T - a +0 plate armour
 V - a +0 cloak (worn)
Magical Staves
 I - an uncursed staff of wizardry
Jewellery
 i - a +3 amulet of reflection (around neck)
 n - a ring of poison resistance (left hand)
 o - an uncursed amulet of guardian spirit
 s - an uncursed ring of ice
 t - an uncursed ring of wizardry
 R - a ring of protection from fire (right hand)
Wands
 j - a wand of digging (9)
 A - a wand of paralysis (10)
 G - a wand of enslavement (28)
 Y - a wand of iceblast (9)
Scrolls
 k - 3 scrolls of remove curse
 m - 5 scrolls of identify
 p - 3 scrolls of amnesia
 w - a scroll of magic mapping
 y - 3 scrolls of fear
 F - a scroll of teleportation
 Q - a scroll of enchant weapon
Potions
 d - a potion of might
 e - 3 potions of degeneration
 h - 4 potions of mutation
 q - 8 potions of curing
 r - 2 potions of lignification
 x - 5 potions of cancellation
 z - 2 potions of berserk rage
 B - 2 potions of invisibility
 C - 2 potions of heal wounds
 L - a potion of brilliance
 S - a potion of agility
Comestibles
 f - 24 rations
 u - 7 chunks of flesh


   Skills:
 + Level 9.6 Fighting
 + Level 0.8(7.1) Short Blades
 + Level 12.0 Long Blades
 + Level 5.6 Crossbows
 + Level 1.3 Throwing
 + Level 9.5 Armour
 + Level 3.8 Dodging
 + Level 1.3 Stealth
 + Level 12.1 Shields
 + Level 0.1 Evocations


You had 10 spell levels left.
You didn't know any spells.

Dungeon Overview and Level Annotations

Branches:
Dungeon (12/15)            Temple (1/1) D:7            Lair (0/6) D:8
    Orc (0/2) D:10

Altars:
Ashenzari
Cheibriados
Dithmenos
Elyvilon
Fedhas
Gozag
Hepliaklqana
Kikubaaqudgha
Makhleb
Nemelex Xobeh
Okawaru
Qazlal
Ru
Sif Muna
Trog
Uskayaw
Vehumet
Wu Jian
Xom
Yredelemnul
Zin
The Shining One

Shops:
D:12 %


Innate Abilities, Weirdness & Mutations

You reflexively headbutt those who attack you in melee.
You have a pair of horns on your head.
You are partially covered in icy blue scales. (AC +2)
You tend to lose your temper in combat.
Your mind is acute. (Int +2)


Message History

You see here a dagger.
You see here 4 arrows.
The orc priest looks satisfied for a moment.
The orc priest invokes the aid of Beogh against you.
Beogh smites you! You block the orc warrior's attack.
There is a stone staircase leading up here.
The orc warrior hits you with a vampiric scimitar!
* * * LOW HITPOINT WARNING * * *
You climb upwards.
There is a stone staircase leading down here.
You closely miss the orc warrior. You slash the orc warrior!
Your headbutt misses the orc warrior.
The orc warrior is moderately wounded.
The orc warrior hits you with a vampiric scimitar!
* * * LOW HITPOINT WARNING * * *
The orc warrior draws strength from your wounds!
You hit the orc warrior but do no damage.
The orc warrior is lightly wounded.
The orc warrior hits you with a vampiric scimitar!
You die...

...####.#####..#.........#
##.## #........##.......##
....#########............#
#.#..## #..............#
#..#..# #.#.##.........#
##.##.# #.#.##.........#
##.##.#####...##.........#
....#)).##...####.......##
#######.........@......##
###.........o.######
#....)........# #
##.##..........# #
#..##.......(..# #
################ # #


You could see an orc warrior.

Vanquished Creatures
  Josephine (D:10)
  2 two-headed ogres
  Sonja (D:10)
  The ghost of p0werm0de the Chopper, a novice DDFi of Makhleb (D:8)
  Pikel (D:9)
  2 ugly things
  2 slime creatures (D:12)
  2 hippogriffs
  4 wraiths (D:10)
  A wyvern (D:11)
  2 yaks (D:7)
  2 hogs (D:7)
  A human (D:7)
  2 hungry ghosts
  Menkaure (D:7)
  2 porcupines (D:8)
  2 ice beasts
  4 orc warriors
  A hornet zombie (D:11)
  2 black bears (D:8)
  2 phantoms
  3 ogres
  3 centaurs
  A crocodile (D:9)
  A big kobold (D:9)
  6 bullfrogs
  2 wyvern skeletons
  4 scorpions
  8 wights
  3 howler monkeys (D:7)
  A centaur zombie (D:8)
  4 crimson imps
  A quasit (D:10)
  A bullfrog zombie (D:9)
  7 hounds
  8 orc priests
  A bullfrog skeleton (D:5)
  2 jellies (D:5)
  3 centaur skeletons
  Natasha (thrice) (D:4)
  13 orc wizards
  3 worker ants
  A hound zombie (D:5)
  2 hound skeletons
  A howler monkey zombie (D:8)
  A killer bee simulacrum (D:8)
  Robin (D:3)
  A howler monkey skeleton (D:11)
  9 adders
  4 shadow imps
  2 oozes
  An adder skeleton (D:9)
  An adder zombie (D:6)
  2 worms
  2 dart slugs (D:1)
  4 leopard geckos
  39 orcs
  6 bats
  7 giant cockroaches
  14 goblins
  7 hobgoblins
  10 jackals
  12 kobolds
  3 quokkas
  4 ball pythons
  4 frilled lizards
  A jackal skeleton (D:6)
  2 leopard gecko skeletons (D:8)
  A leopard gecko zombie (D:5)
  4 rats
262 creatures vanquished.

Vanquished Creatures (others)
  A centaur warrior (D:12)
  4 centaurs
  An orc priest (D:9)
  An orc wizard (D:9)
  A bullfrog skeleton (D:9)
  An iguana (D:9)
  An adder zombie (D:9)
  3 orcs
  2 jackals (D:9)
  2 fungi (D:8)
17 creatures vanquished.

Grand Total: 279 creatures vanquished

Notes
Turn   | Place    | Note
-------+----------+-------------------------------------------
     0 | D:1      | emperorscorpion the Minotaur Fighter began the quest for the Orb.
     0 | D:1      | Reached XP level 1. HP: 19/19 MP: 0/0
   294 | D:1      | Reached XP level 2. HP: 27/27 MP: 1/1
   507 | D:1      | Reached XP level 3. HP: 33/33 MP: 2/2
   948 | D:2      | Reached XP level 4. HP: 40/40 MP: 3/3
  1447 | D:3      | Reached XP level 5. HP: 35/46 MP: 4/4
  1591 | D:3      | Found an ancient bone altar of Kikubaaqudgha.
  1767 | D:3      | Found a radiant altar of Vehumet.
  1799 | D:3      | Noticed Robin
  1815 | D:3      | Reached skill level 1 in Dodging
  1823 | D:3      | Killed Robin
  2233 | D:4      | Found a shadowy altar of Dithmenos.
  2244 | D:4      | Reached skill level 5 in Long Blades
  2252 | D:4      | Noticed Natasha
  2259 | D:4      | Killed Natasha
  2495 | D:4      | Reached XP level 6. HP: 46/53 MP: 5/5
  2580 | D:4      | HP: 2/53 [orc priest/club (2)]
  2582 | D:4      | Gained mutation: You tend to lose your temper in combat. [potion of mutation]
  2582 | D:4      | Gained mutation: Your mind is acute. (Int +2) [potion of mutation]
  2582 | D:4      | Gained mutation: You are partially covered in icy blue scales. (AC +2) [potion of mutation]
  2667 | D:4      | Reached skill level 5 in Shields
  2900 | D:4      | Noticed Natasha
  2909 | D:4      | Killed Natasha
  2909 | D:4      | Reached skill level 5 in Armour
  3100 | D:4      | Reached XP level 7. HP: 60/60 MP: 6/6
  3215 | D:4      | Noticed Natasha
  3218 | D:4      | Killed Natasha
  3274 | D:5      | Entered Level 5 of the Dungeon
  3572 | D:5      | Reached skill level 5 in Fighting
  3897 | D:5      | Found a sacrificial altar of Ru.
  4008 | D:5      | Reached XP level 8. HP: 69/69 MP: 7/7
  4171 | D:5      | Got a pair of brightly glowing gloves
  4177 | D:5      | Identified the +0 pair of gloves "Efisafita" {SInv} (You found it on level 5 of the Dungeon)
  4839 | D:6      | Reached skill level 1 in Throwing
  4902 | D:6      | Found a glowing silver altar of Zin.
  4902 | D:6      | Found a glowing golden altar of the Shining One.
  4903 | D:6      | Found a white marble altar of Elyvilon.
  5271 | D:7      | Reached skill level 1 in Stealth
  5719 | D:7      | Found an opulent altar of Gozag.
  5720 | D:7      | Noticed Menkaure
  5736 | D:7      | Killed Menkaure
  5736 | D:7      | Reached XP level 9. HP: 78/78 MP: 8/8
  5821 | D:7      | You fall through a shaft!
  5856 | D:7      | Found a hazy altar of Hepliaklqana.
  5857 | D:7      | Found a shimmering altar of Xom.
  5858 | D:7      | Noticed a spectral ugly thing
  5972 | D:7      | Found a staircase to the Ecumenical Temple.
  5978 | Temple   | Entered the Ecumenical Temple
  6050 | Temple   | Became a worshipper of Cheibriados the Contemplative
  6306 | D:8      | Noticed p0werm0de's ghost (novice DDFi)
  6325 | D:8      | Killed p0werm0de's ghost
  6325 | D:8      | Reached skill level 10 in Long Blades
  6603 | D:8      | Found a staircase to the Lair.
  6651 | D:8      | Reached XP level 10. HP: 57/88 MP: 9/9
  6746 | D:8      | Reached * piety under Cheibriados
  6905 | D:8      | Found a blossoming altar of Fedhas.
  7008 | D:8      | Found a burning altar of Makhleb.
  7009 | D:8      | Found an ornate altar of the Wu Jian Council.
  7384 | D:9      | Reached skill level 10 in Shields
  7430 | D:9      | Reached ** piety under Cheibriados
  7435 | D:9      | Reached skill level 1 in Crossbows
  7659 | D:9      | Noticed a two-headed ogre
  7669 | D:9      | Killed a two-headed ogre
  7846 | D:9      | Noticed Pikel
  7857 | D:9      | Killed Pikel
  8682 | D:10     | Entered Level 10 of the Dungeon
  8789 | D:10     | Found an opulent altar of Gozag.
  8857 | D:10     | Noticed Sonja
  8862 | D:10     | Noticed Josephine
  8866 | D:10     | Killed Sonja
  8875 | D:10     | Killed Josephine
  8875 | D:10     | Reached XP level 11. HP: 47/97 MP: 10/10
  9318 | D:10     | Reached *** piety under Cheibriados
  9330 | D:10     | Found a staircase to the Orcish Mines.
  9853 | D:11     | Identified a scroll of acquirement
  9960 | D:11     | Noticed a cyan ugly thing
  9973 | D:11     | Killed a cyan ugly thing
 10206 | D:11     | Noticed a two-headed ogre
 10219 | D:11     | Killed a two-headed ogre
 10219 | D:11     | Reached skill level 5 in Crossbows
 10768 | D:12     | Found Fuihivan's Food Shop.
 10824 | D:12     | Noticed a centaur warrior
 10825 | D:12     | Noticed a purple ugly thing
 10828 | D:12     | Killed a centaur warrior
 10837 | D:12     | Killed a purple ugly thing
 10952 | D:11     | Slain by an orc warrior

Vault maps used:
D:1:      minmay_arrival_four_loops
D:2:      first_ration
D:3:      kiku_gazebo_pond_becter, lemuel_crystal_altar, st_stairs_5, uniq_robin
D:4:      lemuel_round_altar, minmay_misc_feat_roman, uniq_natasha
D:5:      lemuel_round_altar
D:6:      good_gods_temple_1
D:7:      regret_index_temple_of_mockery, grunt_gozag_statues,
          minmay_temple_entry_enclosed_plants, grunt_livestock, uniq_menkaure
D:8:      fedhas_altar_fruit_tree, gammafunk_temple_overflow_statue,
          grunt_lair_entry_orc_guard_hut, minmay_misc_feat_columns,
          grunt_decor_arrowhead, minmay_small_thing
D:9:      uniq_pikel
D:10:     david_orc_2, basic_altar, uniq_sonja, uniq_josephine
D:11:     bh_walls_and_bars
D:12:     serial_shops, nicolae_shop_statue_plus, hangedman_feature_mirror
Temple:   dpeg_three_leaves_temple

Skill      XL: |  1  2  3  4  5  6  7  8  9 10 11 |
---------------+----------------------------------+-----
Armour         | 4 5 6 7 8 9 |  9.5
Shields        | 4 5 6 8 9 10 12 | 12.1
Fighting       | 4 5 6 7 9 |  9.6
Long Blades    | 3 4 5 6 7 8 10 11 12 | 12.0
Dodging        | 1 2 3 |  3.8
Throwing       | 1 |  1.3
Stealth        | 1 |  1.3
Crossbows      | 4 5 |  5.6
Short Blades   | |  0.8
Evocations     | |  0.1

Action                   |  1- 3 |  4- 6 |  7- 9 | 10-12 || total
-------------------------+-------+-------+-------+-------++-------
Melee: Long sword        |    55 |   184 |   322 |   270 ||   831
       Headbutt          |     4 |    28 |    72 |    92 ||   196
       Short sword       |       |       |     6 |       ||     6
 Fire: Hand crossbow     |       |       |       |    69 ||    69
Throw: Tomahawk          |       |       |    12 |     1 ||    13
Evoke: Wand              |       |       |     1 |       ||     1
  Use: Scroll            |       |     4 |     5 |     8 ||    17
       Potion            |       |     4 |     2 |     1 ||     7
 Stab: Invisible         |       |     1 |       |       ||     1
  Eat: Chunk             |       |     7 |    12 |     7 ||    26
       Ration            |       |       |       |     1 ||     1
Armor: Scale mail        |    34 |    82 |    17 |       ||   133
       Chain mail        |       |       |    56 |    57 ||   113
Dodge: Dodged            |    21 |    66 |    60 |    51 ||   198
Block: Shield            |    37 |   155 |   198 |   227 ||   617
       Reflection        |       |     2 |     1 |    29 ||    32
       Rpst.: Long sword |     8 |    19 |    21 |    17 ||    65

Table legend:
 A = Spawn XP
 B = Non-spawn XP
 C = Spawn XP percentage of total XP
 D = Spawn monster count
 E = Non-spawn monster count
 F = Spawn count percentage of total count
 G = Total turns spent on level
                    A         B        C        D         E        F      G
               +---------+---------+-------+---------+---------+-------+---------
         Total |       0 |   18243 |   0.0 |       0 |     270 |   0.0 | 10952
               +---------+---------+-------+---------+---------+-------+---------
           D:1 |       0 |      53 |   0.0 |       0 |      26 |   0.0 |   779
           D:2 |       0 |      52 |   0.0 |       0 |       7 |   0.0 |   637
           D:3 |       0 |     173 |   0.0 |       0 |      35 |   0.0 |  1050
           D:4 |       0 |     612 |   0.0 |       0 |      30 |   0.0 |   823
           D:5 |       0 |     661 |   0.0 |       0 |      19 |   0.0 |  1170
           D:6 |       0 |     666 |   0.0 |       0 |      17 |   0.0 |   837
           D:7 |       0 |    1871 |   0.0 |       0 |      17 |   0.0 |   879
           D:8 |       0 |    2392 |   0.0 |       0 |      38 |   0.0 |  1075
           D:9 |       0 |    2754 |   0.0 |       0 |      36 |   0.0 |  1347
          D:10 |       0 |    3759 |   0.0 |       0 |      22 |   0.0 |  1167
          D:11 |       0 |    2600 |   0.0 |       0 |      15 |   0.0 |   922
          D:12 |       0 |    2650 |   0.0 |       0 |       8 |   0.0 |   181
               +---------+---------+-------+---------+---------+-------+---------
